 Dungeon Crawl Stone Soup version 0.19-a0-683-g5f2401d (webtiles) character file.

155 Ajdolov the Ruffian (level 5, 0/52 HPs)
             Began as a Troll Hunter on June 17, 2016.
             Killed by divine providence
             ... invoked by an orc priest
              (14 damage)
             ... on level 3 of the Dungeon.
             The game lasted 00:04:30 (1749 turns).

Ajdolov the Ruffian (Troll Hunter)                  Turns: 1749, Time: 00:04:30

Health: 0/52       AC:  5    Str: 20    XL:     5   Next: 14%
Magic:  4/4        EV: 10    Int:  8    God:
Gold:   145        SH:  2    Dex: 10    Spells: 0 memorised, 4 levels left

rFire  . . .     SeeInvis +       - Unarmed
rCold  . . .     Gourm    +     b - +0 robe
rNeg   . . .     Faith    .     (no shield)
rPois  .         Spirit   .     (helmet restricted)
rElec  .         Dismiss  .     (no cloak)
rCorr  .         Reflect  +     (gloves unavailable)
SustAt .         Harm     .     (boots unavailable)
MR     .....                    u - +2 amulet of reflection
Stlth  +.........               j - ring of see invisible
                                (no ring)

@: lethally poisoned (0 -> -1), not resistant to hostile enchantments, very
unstealthy
A: unfitting armour, claws 3, fast metabolism 3, gourmand, regeneration 2,
shaggy fur 1, tough skin 2
a: no special abilities


You were on level 3 of the Dungeon.
You were completely stuffed.

You visited 1 branch of the dungeon, and saw 3 of its levels.

You collected 145 gold pieces.

Inventory:

Missiles
 c - 5 large rocks (quivered)
 d - 2 throwing nets
Armour
 b - a +0 robe (worn)
Jewellery
 j - a ring of see invisible (right claw)
 u - a +2 amulet of reflection (around neck)
Wands
 m - a wand of iceblast (8/15)
 q - a wand of lightning (11/15)
Scrolls
 g - 4 scrolls of identify {unknown}
 h - a scroll of enchant armour {unknown}
 n - 2 scrolls of recharging {unknown}
 r - a scroll of remove curse {unknown}
 v - 2 scrolls of teleportation {unknown}
Potions
 e - a potion of resistance {unknown}
 i - a potion of curing {unknown}
 k - a potion of brilliance {unknown}
 l - 2 potions of lignification {unknown}
 o - a potion of agility {unknown}
 p - a potion of invisibility {unknown}
 t - a potion of flight {unknown}
Comestibles
 a - 2 meat rations
 f - 5 bread rations
 s - 10 chunks of flesh


   Skills:
 + Level 2.9 Fighting
 - Level 3.6 Throwing
 - Level 1.5 Dodging
 - Level 0.4 Stealth
 * Level 3.8 Unarmed Combat


You had 4 spell levels left.
You didn't know any spells.

Dungeon Overview and Level Annotations

Branches:
Dungeon (3/15)

Altars:
Qazlal
Xom


Innate Abilities, Weirdness & Mutations

You are too large for most types of armour.
You have claws for hands.
Your metabolism is lightning-fast.
You like to eat raw meat.
You heal very quickly.
You are covered in fur. (AC +1)
You have very tough skin. (AC +2)


Message History

The orc priest miscasts a cantrip.
You scratch the orc but do no damage.
You feel sick. The orc hits you with a war axe.
You completely miss the orc priest.
You feel sick. The orc priest hits you.
You scratch the orc priest but do no damage.
You block the orc's attack. The orc priest hits you.
* * * LOW HITPOINT WARNING * * *
You barely miss the orc priest.
You feel sick. The orc closely misses you.
You barely miss the orc priest.
The orc priest hits you but does no damage.
The orc hits you with a war axe.
* * * LOW HITPOINT WARNING * * *
You barely miss the orc priest.
You feel sick.
The orc priest looks braver for a moment.
The orc barely misses you.
You scratch the orc priest. Your claw misses the orc priest.
The orc priest is moderately wounded.
The orc priest calls down the wrath of Beogh upon you.
Beogh smites you!
You die...

................#####.....<....##
.#...............# #..........#
#................# #..........#
.................## #..........#
.......###........# #......)...#
.......# #....##..###..........#
.......###.##.##...####..##.##.#
.....#.##......o†#....#.# .# .#
................@####o#.#
.........).......o.......
.....)...........####....
.....#.........[.# .
....##.....##..###
...........###.. #####....###
###) ....( #. ....#


You could see an orc priest and an orc.

Vanquished Creatures
  Natasha (D:2)
  5 adders
  2 oozes
  2 dart slugs
  3 giant geckos
  4 giant cockroaches
  6 goblins
  3 hobgoblins
  15 jackals
  3 quokkas (D:3)
  A ball python (D:1)
  2 bats
  4 giant newts
  10 kobolds
  3 rats
64 creatures vanquished.

Vanquished Creatures (others)
  5 sheep (D:3)
5 creatures vanquished.

Grand Total: 69 creatures vanquished

Notes
Turn   | Place    | Note
--------------------------------------------------------------
     0 | D:1      | Ajdolov the Troll Hunter began the quest for the Orb.
     0 | D:1      | Reached XP level 1. HP: 19/19 MP: 0/0
    69 | D:1      | Reached skill level 1 in Unarmed Combat
    72 | D:1      | Reached XP level 2. HP: 28/28 MP: 1/1
   382 | D:1      | Reached XP level 3. HP: 33/35 MP: 2/2
   928 | D:2      | Reached XP level 4. HP: 35/44 MP: 3/3
  1080 | D:2      | Noticed Natasha
  1086 | D:2      | Killed Natasha
  1313 | D:2      | Found a stormy altar of Qazlal.
  1622 | D:3      | Found a shimmering altar of Xom.
  1643 | D:3      | Reached XP level 5. HP: 40/52 MP: 4/4
  1749 | D:3      | Killed from afar by an orc priest

Vault maps used:
D:1:      minmay_arrival_plants_in_alcoves, serial_bayou_pond_d, minivault_11
D:2:      old_standard_altar, first_bread, uniq_natasha
D:3:      kb_xom_exploding_sheep

Skill      XL: |  1  2  3 |
---------------+----------+-----
Unarmed Combat | 1 2 3 |  3.8
Fighting       | 2 |  2.9
Throwing       | |  3.6
Dodging        | |  1.5
Stealth        | |  0.4

Action                   |  1- 3 |  4- 6 || total
-------------------------+-------+-------++-------
Melee: Unarmed           |    99 |   120 ||   219
       Punch             |       |     1 ||     1
 Stab: Sleeping          |       |     1 ||     1
  Eat: Chunk             |    11 |    11 ||    22
Armor: Robe              |    58 |    55 ||   113
Dodge: Dodged            |    61 |    69 ||   130
Block: Other             |       |     1 ||     1
